 Dungeon Crawl Stone Soup version 0.28-a0-533-g9f97627e2a (webtiles) character file.

Game seed: 3978806726354870275

9069 Gargoyl the Fighter (level 11, -21/89 HPs)
             Began as a Gnoll Abyssal Knight on Sept 26, 2021.
             Was a High Priest of Lugonu.
             Demolished by a komodo dragon (23 damage)
             ... on level 1 of the Lair of Beasts.
             The game lasted 00:17:51 (9957 turns).

Gargoyl the Fighter (Gnoll Abyssal Knight)          Turns: 9957, Time: 00:17:51

Health: -21/89     AC: 21    Str: 15    XL:     11   Next: 40%
Magic:  27/27      EV:  7    Int: 10    God:    Lugonu [*****.]
Gold:   518        SH:  5    Dex: 13    Spells: 22/22 levels left

rFire   . . .      SeeInvis .   g - +3 war axe (holy)
rCold   . . .      Faith    .   u - +0 buckler
rNeg    . . .      Spirit   .   y - +0 plate armour
rPois   .          Reflect  .   (no helmet)
rElec   .          Harm     .   k - +0 cloak
rCorr   .          Rampage  .   c - +1 pair of gloves
Will    .....                   (no boots)
Stlth   ..........              d - amulet of regeneration
HPRegen 1.24/turn               i - +4 ring of protection
MPRegen 0.20/turn               m - ring of magical power

@: no status effects
A: fangs 1, strong nose, distributed training, camouflage 1, low mp 1
a: Renounce Religion, Depart the Abyss, Bend Space, Banish, Corrupt, Enter the
Abyss


You were on level 1 of the Lair of Beasts.
You worshipped Lugonu.
Lugonu was extremely pleased with you.
You visited 2 branches of the dungeon, and saw 10 of its levels.
You visited the Abyss 1 time.
You also visited: Sewer and Ossuary.

You collected 581 gold pieces.
You spent 63 gold pieces at shops.

Inventory:

Hand Weapons
 g - a +3 war axe of holy wrath (weapon)
 o - a +4 hand axe
 s - a +1 hand axe of flaming
 x - a +3 hand axe
 B - a +4 long sword of freezing
Missiles
 r - 24 poisoned darts (quivered)
Armour
 c - a +1 pair of gloves (worn)
 k - a +0 cloak (worn)
 u - a +0 buckler (worn)
 y - a +0 plate armour (worn)
Jewellery
 b - a ring of ice
 d - an amulet of regeneration (around neck)
 i - a +4 ring of protection (left hand)
 m - a ring of magical power (right hand)
 v - an amulet of magic regeneration
 D - a +4 ring of protection
Wands
 j - a wand of flame (46)
 n - a wand of iceblast (9)
Scrolls
 a - 4 scrolls of identify
 f - 5 scrolls of fog
 z - a scroll of teleportation
 C - a scroll of holy word {unknown}
Potions
 e - 3 potions of brilliance
 h - a potion of berserk rage
 l - 4 potions of curing
 p - 5 potions of lignification
 q - a potion of magic
 t - a potion of flight
 w - a potion of ambrosia
 A - a potion of heal wounds


   Skills:
 + Level 9.1 Fighting
 + Level 6.2 Short Blades
 + Level 6.2 Long Blades
 + Level 7.8 Axes
 + Level 6.2 Maces & Flails
 + Level 6.2 Polearms
 + Level 6.2 Staves
 + Level 6.2 Slings
 + Level 6.2 Bows
 + Level 6.2 Crossbows
 + Level 6.2 Throwing
 + Level 7.8 Armour
 + Level 6.8 Dodging
 + Level 6.2 Stealth
 + Level 6.2 Shields
 + Level 6.2 Unarmed Combat
 + Level 6.2 Spellcasting
 + Level 5.2 Conjurations
 + Level 5.2 Hexes
 + Level 5.2 Summonings
 + Level 5.2 Necromancy
 + Level 5.2 Translocations
 + Level 5.2 Transmutations
 + Level 5.2 Fire Magic
 + Level 5.2 Ice Magic
 + Level 5.2 Air Magic
 + Level 5.2 Earth Magic
 + Level 5.2 Poison Magic
 + Level 8.3 Invocations
 + Level 6.2 Evocations


You had 22 spell levels left.
You didn't know any spells.
Your spell library contained the following spells:

 Spells                   Type           Power      Damage    Failure   Level
 Freeze                   Ice            52%        1d7       75%         1
 Ensorcelled Hibernation  Hex/Ice        26%        N/A       86%         2
 Slow                     Hex            13%        N/A       86%         2
 Static Discharge         Conj/Air       13%        N/A       86%         2
 Sublimation of Blood     Necr           6%         N/A       86%         2
 Confusing Touch          Hex            13%        N/A       98%         3
 Frozen Ramparts          Ice            26%        1d4       98%         3
 Gell's Gravitas          Tloc           6%         N/A       98%         3
 Ignite Poison            Fire/Tmut/Pois 13%        N/A       98%         3
 Mephitic Cloud           Conj/Pois/Air  13%        N/A       98%         3
 Teleport Other           Tloc           13%        N/A       98%         3
 Tukima's Dance           Hex            13%        N/A       98%         3
 Vampiric Draining        Necr           6%         2d6       98%         3
 Dispel Undead            Necr           13%        3d9       100%        4
 Hailstorm                Conj/Ice       13%        3d5       100%        4
 Petrify                  Tmut/Erth      13%        N/A       100%        4
 Sticky Flame             Conj/Fire      13%        2d4       100%        4
 Alistair's Intoxication  Tmut/Pois      8%         N/A       100%        5
 Borgnjor's Vile Clutch   Necr/Erth      6%         N/A       100%        5
 Freezing Cloud           Conj/Ice/Air   6%         6-21      100%        5
 Irradiate                Conj/Tmut      6%         3d16      100%        5
 Dispersal                Tloc           6%         N/A       100%        6
 Eringya's Noxious Bog    Tmut/Pois      6%         N/A       100%        6


Dungeon Overview and Level Annotations

Branches:
Dungeon (9/15)             Temple (0/1) D:7            Lair (1/6) D:9
  Sewer (visited)         Ossuary (visited)
    Orc: D:9-12

Altars:
Cheibriados
Dithmenos
Elyvilon
Hepliaklqana
Kikubaaqudgha
Makhleb
Nemelex Xobeh
Uskayaw
Yredelemnul

Shops:
D:2 [[:?[   D:7 :   D:8 =

Annotations:
Abyss:1 Grum


Innate Abilities, Weirdness & Mutations

You have very sharp teeth.
Your uncanny sense of smell can sniff out nearby items.
Your experience applies equally to all skills.
Your skin changes colour to match your surroundings (Stealth+).
Your magical capacity is low. (-10% MP)


Message History

The electric eel shoots out a bolt of lightning at you!
The bolt of electricity hits you.
The electric eel shoots out a bolt of lightning at you!
The bolt of electricity hits you!
The electric eel shoots out a bolt of lightning at you!
The bolt of electricity hits you. The komodo dragon bites you!
You hit the komodo dragon but do no damage.
The komodo dragon bites you but does no damage.
You slice the komodo dragon!!
The komodo dragon is heavily wounded.
The komodo dragon barely misses you.
You hit the komodo dragon.
The komodo dragon is heavily wounded.
The komodo dragon bites you but does no damage.
You hit the komodo dragon but do no damage.
Your bite misses the komodo dragon.
The komodo dragon is heavily wounded.
The komodo dragon bites you!
You hit the komodo dragon but do no damage.
The komodo dragon is heavily wounded.
The komodo dragon barely misses you.
You slash the komodo dragon!
The komodo dragon is severely wounded.
The komodo dragon bites you!!
* * * LOW HITPOINT WARNING * * *
You hit the komodo dragon.
You bite the komodo dragon, but do no damage.
The komodo dragon is almost dead.
The komodo dragon bites you!
* * * LOW HITPOINT WARNING * * *
You hit the komodo dragon but do no damage.
The komodo dragon is almost dead.
The komodo dragon closely misses you.
You hit the komodo dragon.
The komodo dragon is almost dead.
The komodo dragon bites you!
* * * LOW HITPOINT WARNING * * *
The komodo dragon bites you!!
You die...

≈≈≈≈≈.....$......#......P.....#
##≈##............#......#....##
## #.............#.#.#.#....#
#P.P#####.#...............#
##.# ###...............# #.
#..#.#P+#.......P# #.
##..#.....#......##
###.l.#.....#......#
###.##@.#.....+......#
......................#
.........#.....#......#
.##.#.)..#............# #
###..##.#+#.......#
##...............##
...####................P#
........>..............##
.......................##


You could see a komodo dragon.

Vanquished Creatures
  A two-headed ogre (D:7)
  A cane toad (Lair:1)
  3 komodo dragons
  A rime drake (D:9)
  The ghost of TimeIsEndless the Skirmisher, an amateur FoFi (D:4)
  A wyvern (D:8)
  A wraith (D:6)
  6 yaks
  A steam dragon (D:8)
  2 water moccasins
  6 orc warriors
  2 ice beasts
  A sky beast (D:5)
  2 hornet zombies (Ossuary)
  3 ogres
  A necrophage (D:7)
  5 centaurs
  2 wolves (D:7)
  2 phantoms
  8 bullfrogs
  A kobold brigand (D:7)
  2 wyvern zombies
  2 scorpions (D:5)
  A gnoll sergeant (D:7)
  4 water moccasin zombies
  10 wights
  2 howler monkeys
  An electric eel (Lair:1)
  6 bullfrog zombies (Ossuary)
  A hound (D:7)
  10 centaur zombies
  2 jellies
  4 orc priests
  A bullfrog skeleton (D:5)
  3 iguanas
  6 orc wizards
  A scorpion zombie (D:5)
  3 killer bee zombies
  11 mummies (Ossuary)
  7 gnolls
  A howler monkey skeleton (D:4)
  2 howler monkey zombies (Ossuary)
  12 adders
  A white imp (D:6)
  2 adder skeletons (D:4)
  A worm (D:3)
  4 dart slugs
  32 orcs
  5 bats
  6 endoplasms
  9 giant cockroaches
  3 goblins
  9 hobgoblins
  2 jackals (D:5)
  9 quokkas
  10 ball pythons
  9 frilled lizards
  15 kobolds
  9 rats
269 creatures vanquished.

Vanquished Creatures (others)
  5 plants
  4 starspawn tentacles (Abyss:2)
  6 withered plants
15 creatures vanquished.

Grand Total: 284 creatures vanquished

Notes
Turn   | Place    | Note
-------+----------+-------------------------------------------
     0 | Abyss:1  | Gargoyl the Gnoll Abyssal Knight began the quest for the
                  | Orb.
     0 | Abyss:1  | Reached XP level 1. HP: 23/23 MP: 3/3
   115 | Abyss:2  | Noticed a tentacled starspawn
   127 | Abyss:2  | Noticed a raiju
   128 | Abyss:2  | Noticed a raiju
   137 | Abyss:2  | Noticed a large abomination
   139 | D:1      | Escaped the Abyss
   208 | D:1      | Reached * piety under Lugonu
   291 | D:1      | Reached XP level 2. HP: 29/29 MP: 5/5
   487 | D:1      | Reached XP level 3. HP: 28/35 MP: 6/6
   574 | D:1      | Found a faded altar of an unknown god.
  1231 | D:2      | Found Ujuepy's Armour Shoppe.
  1246 | D:2      | Bought a +0 cloak for 63 gold pieces
  1498 | D:2      | Reached skill level 1 in Short Blades
  1498 | D:2      | Reached skill level 1 in Long Blades
  1498 | D:2      | Reached skill level 1 in Maces & Flails
  1498 | D:2      | Reached skill level 1 in Polearms
  1498 | D:2      | Reached skill level 1 in Staves
  1498 | D:2      | Reached skill level 1 in Slings
  1498 | D:2      | Reached skill level 1 in Bows
  1498 | D:2      | Reached skill level 1 in Crossbows
  1498 | D:2      | Reached skill level 1 in Throwing
  1498 | D:2      | Reached skill level 1 in Stealth
  1498 | D:2      | Reached skill level 1 in Shields
  1498 | D:2      | Reached skill level 1 in Unarmed Combat
  1498 | D:2      | Reached skill level 1 in Spellcasting
  1498 | D:2      | Reached skill level 1 in Evocations
  1498 | D:2      | Reached XP level 4. HP: 41/41 MP: 7/7
  1510 | D:2      | Found Dewia's Antique Armour Shoppe.
  1590 | D:2      | Found Maopt's Magic Scroll Emporium.
  1630 | D:2      | Found Agupicoh's Antique Armour Shop.
  1639 | D:2      | Found Cucwoich's Book Emporium.
  1845 | D:3      | Reached ** piety under Lugonu
  1978 | D:3      | Reached skill level 1 in Conjurations
  1978 | D:3      | Reached skill level 1 in Hexes
  1978 | D:3      | Reached skill level 1 in Summonings
  1978 | D:3      | Reached skill level 1 in Necromancy
  1978 | D:3      | Reached skill level 1 in Translocations
  1978 | D:3      | Reached skill level 1 in Transmutations
  1978 | D:3      | Reached skill level 1 in Fire Magic
  1978 | D:3      | Reached skill level 1 in Ice Magic
  1978 | D:3      | Reached skill level 1 in Air Magic
  1978 | D:3      | Reached skill level 1 in Earth Magic
  1978 | D:3      | Reached skill level 1 in Poison Magic
  2522 | D:3      | Found a white marble altar of Elyvilon.
  2694 | D:4      | Reached XP level 5. HP: 47/47 MP: 8/8
  2944 | D:4      | Found a runed translucent door.
  2944 | D:4      | Noticed TimeIsEndless's ghost (amateur FoFi)
  3114 | D:4      | Noticed an ogre
  3122 | D:4      | Killed an ogre
  3123 | D:4      | Reached skill level 5 in Axes
  3123 | D:4      | Reached skill level 5 in Armour
  3123 | D:4      | Reached skill level 5 in Invocations
  3123 | D:4      | Reached XP level 6. HP: 53/53 MP: 9/9
  3524 | D:4      | Gained mutation: Your magical capacity is low. (-10% MP)
                  | [potion of mutation]
  3524 | D:4      | Gained mutation: Your muscles are strong. (Str +2) [potion
                  | of mutation]
  3524 | D:4      | Gained mutation: You have supernaturally acute eyesight.
                  | (SInv) [potion of mutation]
  3570 | D:4      | Killed TimeIsEndless's ghost
  3571 | D:4      | Reached skill level 7 in Fighting
  3571 | D:4      | Reached XP level 7. HP: 37/60 MP: 9/9
  3609 | D:5      | Entered Level 5 of the Dungeon
  3733 | D:4      | Reached *** piety under Lugonu
  4050 | D:5      | Reached XP level 8. HP: 51/67 MP: 11/11
  4212 | D:5      | Found a glowing drain.
  4216 | Sewer    | Entered a sewer
  4821 | D:5      | Reached **** piety under Lugonu
  4969 | D:5      | Found a shadowy altar of Dithmenos.
  5101 | D:5      | Reached XP level 9. HP: 20/73 MP: 13/13
  5148 | D:5      | Found a sparkling altar of Nemelex Xobeh.
  5376 | D:6      | Lost mutation: Your muscles are strong. (Str +2) [potion of
                  | mutation]
  5376 | D:6      | Lost mutation: You have supernaturally acute eyesight.
                  | (SInv) [potion of mutation]
  5376 | D:6      | Gained mutation: Your skin changes colour to match your
                  | surroundings (Stealth+). [potion of mutation]
  5740 | D:6      | Reached skill level 5 in Dodging
  6158 | D:7      | Reached skill level 8 in Fighting
  6466 | D:7      | Found a staircase to the Ecumenical Temple.
  6495 | D:7      | Noticed a two-headed ogre
  6510 | D:7      | Killed a two-headed ogre
  6511 | D:7      | Reached XP level 10. HP: 41/80 MP: 15/15
  6665 | D:7      | Found Daluepta's Self-Improvement Boutique.
  6952 | D:8      | Reached skill level 5 in Short Blades
  6952 | D:8      | Reached skill level 5 in Long Blades
  6952 | D:8      | Reached skill level 5 in Maces & Flails
  6952 | D:8      | Reached skill level 5 in Polearms
  6952 | D:8      | Reached skill level 5 in Staves
  6952 | D:8      | Reached skill level 5 in Slings
  6952 | D:8      | Reached skill level 5 in Bows
  6952 | D:8      | Reached skill level 5 in Crossbows
  6952 | D:8      | Reached skill level 5 in Throwing
  6952 | D:8      | Reached skill level 5 in Stealth
  6952 | D:8      | Reached skill level 5 in Shields
  6952 | D:8      | Reached skill level 5 in Unarmed Combat
  6952 | D:8      | Reached skill level 5 in Spellcasting
  6952 | D:8      | Reached skill level 5 in Evocations
  7072 | D:8      | Found Cobraut's Jewellery Boutique.
  7137 | D:8      | Found a burning altar of Makhleb.
  7138 | D:8      | Found an ancient bone altar of Kikubaaqudgha.
  7149 | D:8      | Found a hide-covered altar of Uskayaw.
  7174 | D:8      | Reached ***** piety under Lugonu
  7233 | D:8      | Noticed Grum
  7243 | D:8      | HP: 4/82 [Grum (13)]
  7360 | D:8      | Banished Grum
  7392 | D:8      | Found a sand-covered staircase.
  7475 | Ossuary  | Entered an ossuary
  7955 | D:8      | Found a large runed translucent door.
  7955 | D:8      | Found a large runed translucent door.
  8084 | D:8      | Found a basalt altar of Yredelemnul.
  8139 | D:8      | Found a snail-covered altar of Cheibriados.
  8151 | D:8      | Found a hazy altar of Hepliaklqana.
  8547 | D:9      | Found a staircase to the Lair.
  8574 | D:9      | Reached XP level 11. HP: 66/87 MP: 17/17
  9003 | D:9      | Reached skill level 9 in Fighting
  9445 | Lair:1   | Entered Level 1 of the Lair of Beasts
  9455 | D:9      | Reached skill level 5 in Conjurations
  9455 | D:9      | Reached skill level 5 in Hexes
  9455 | D:9      | Reached skill level 5 in Summonings
  9455 | D:9      | Reached skill level 5 in Necromancy
  9455 | D:9      | Reached skill level 5 in Translocations
  9455 | D:9      | Reached skill level 5 in Transmutations
  9455 | D:9      | Reached skill level 5 in Fire Magic
  9455 | D:9      | Reached skill level 5 in Ice Magic
  9455 | D:9      | Reached skill level 5 in Air Magic
  9455 | D:9      | Reached skill level 5 in Earth Magic
  9455 | D:9      | Reached skill level 5 in Poison Magic
  9957 | Lair:1   | HP: 2/89 [komodo dragon (14)]
  9957 | Lair:1   | Demolished by a komodo dragon

Illustrated notes

Levels and vault maps discovered:
D:1:      amcnicky_arrival_single_pillar, layout_loops_ring,
          shapermc_ecumenical_altar_ellora, minmay_shallow_snake_nest
D:2:      layout_loops_corners, serial_shops, shop, shop_statue,
          nicolae_shop_behind_doors, nicolae_shop_crystal,
          nicolae_shop_temple_entry_statues_fountains
D:3:      layout_loops_cross, marbit_many_paths
D:4:      layout_loops_corners, gammafunk_ghost_grave
D:5:      layout_rooms, nemelex_dance_club_becter, mainiacjoe_overflow_alcove_4,
          gup_sewer_entry_spiral
D:6:      layout_basic
D:7:      layout_loops_ring, minmay_temple_entry_gardened_gates,
          nicolae_shop_self_help
D:8:      layout_rooms, lemuel_coloured_pillars_altar, jmf_multi_god_temple2,
          nicolae_uskayaw_murder_on_the_dancefloor, grunt_temple_overflow_open,
          serial_shops, nicolae_take_the_stairs, enter_ossuary_2,
          grunt_ministairs_1, uniq_grum
D:9:      layout_basic, david_lair_shrubbed, serial_co_window_serial,
          co_window_cross_1, co_window_corner_a, co_window_of_opportunity_a,
          co_window_paths_a, co_window_of_opportunity_a, co_window_corner_b,
          co_window_broadway_c, co_window_corner_cb, co_window_of_opportunity_b,
          co_window_cross_4, co_window_4corner_b, co_window_paths_d,
          glass_columns_a
Lair:1:   layout_chaotic_city

Skill      XL: |  1  2  3  4  5  6  7  8  9 10 11 |
---------------+----------------------------------+-----
Short Blades   | 1 2 3 4 5 6 |  6.2
Long Blades    | 1 2 3 4 5 6 |  6.2
Maces & Flails | 1 2 3 4 5 6 |  6.2
Polearms       | 1 2 3 4 5 6 |  6.2
Staves         | 1 2 3 4 5 6 |  6.2
Slings         | 1 2 3 4 5 6 |  6.2
Bows           | 1 2 3 4 5 6 |  6.2
Crossbows      | 1 2 3 4 5 6 |  6.2
Throwing       | 1 2 3 4 5 6 |  6.2
Stealth        | 1 2 3 4 5 6 |  6.2
Shields        | 1 2 3 4 5 6 |  6.2
Unarmed Combat | 1 2 3 4 5 6 |  6.2
Spellcasting   | 1 2 3 4 5 6 |  6.2
Evocations     | 1 2 3 4 5 6 |  6.2
Conjurations   | 1 2 3 4 5 |  5.2
Hexes          | 1 2 3 4 5 |  5.2
Summonings     | 1 2 3 4 5 |  5.2
Necromancy     | 1 2 3 4 5 |  5.2
Translocations | 1 2 3 4 5 |  5.2
Transmutations | 1 2 3 4 5 |  5.2
Fire Magic     | 1 2 3 4 5 |  5.2
Ice Magic      | 1 2 3 4 5 |  5.2
Air Magic      | 1 2 3 4 5 |  5.2
Earth Magic    | 1 2 3 4 5 |  5.2
Poison Magic   | 1 2 3 4 5 |  5.2
Dodging        | 3 4 5 6 |  6.8
Axes           | 5 6 7 |  7.8
Armour         | 5 6 7 |  7.8
Invocations    | 5 6 7 8 |  8.3
Fighting       | 7 8 9 |  9.1

Action                   |  1- 3 |  4- 6 |  7- 9 | 10-12 || total
-------------------------+-------+-------+-------+-------++-------
Melee: Hand axe          |   116 |   231 |     4 |       ||   351
       Bite              |    16 |    21 |    30 |    39 ||   106
       Punch             |       |     3 |     3 |       ||     6
       War axe           |       |       |   321 |   442 ||   763
Throw: Dart              |       |     3 |    26 |     7 ||    36
Invok: Depart the Abyss  |     1 |       |       |       ||     1
       Bend Space        |       |       |     1 |     1 ||     2
       Banish            |       |       |       |     2 ||     2
  Use: Potion            |     1 |     8 |     4 |       ||    13
       Scroll            |     3 |     4 |     6 |     4 ||    17
 Stab: Sleeping          |     3 |       |       |       ||     3
Armor: Leather armour    |    46 |    10 |       |       ||    56
       Chain mail        |       |    85 |   302 |    37 ||   424
       Ring mail         |       |    19 |       |       ||    19
       Skin              |       |    19 |       |       ||    19
       Plate armour      |       |       |       |   382 ||   382
Dodge: Dodged            |    75 |    91 |   235 |   167 ||   568
Block: Buckler           |       |       |       |   146 ||   146

Table legend: (Time is in decaauts)
 A = Elapsed time spent in this place.
 B = Non-inter-level travel time spent in this place.
 C = Inter-level travel time spent in this place.
 D = Time resting spent in this place.
 E = Time spent auto-exploring this place.
 F = Levels seen in this place.
 G = Mean time per level.
                   A        B        C        D        E       F      G
               +--------+--------+--------+--------+--------+-----+--------+
         Total |  10270 |   9992 |    278 |    417 |   6474 |  14 |  733.6 |
       Dungeon |   8843 |   8566 |    277 |    371 |   5741 |   9 |  982.6 |
          Lair |    403 |    403 |      0 |     46 |    184 |   1 |  403.0 |
         Abyss |    138 |    138 |      0 |      0 |     91 |   2 |   69.0 |
         Sewer |    531 |    531 |      0 |      0 |    359 |   1 |  531.0 |
       Ossuary |    353 |    353 |      0 |      0 |     97 |   1 |  353.0 |
               +--------+--------+--------+--------+--------+-----+--------+

Top non-repeatable levels by time:
     D:4: 1419 daAuts
     D:9: 1381 daAuts
     D:6: 936 daAuts
     D:7: 927 daAuts
     D:1: 913 daAuts
     D:5: 859 daAuts
     D:8: 839 daAuts
     D:3: 814 daAuts
     D:2: 753 daAuts
   Sewer: 531 daAuts
  Lair:1: 403 daAuts
 Ossuary: 353 daAuts
 Abyss:2: 88 daAuts
 Abyss:1: 50 daAuts
